Match 46347157
Unlisted

Match 46347157
End
Construct Barracks
Selects Armored Battlegroup
Selects Veteran Crews
1⁄4-ton 4x4 Truck
Riflemen Squad
Riflemen Squad
Riflemen Squad
Infantry Support Center
Engineer Squad
Grenade Package
Construct Medical Station
Construct Motor Pool
M1 Anti-tank Gun Team
M8 Greyhound Armored Car
M1918 Browning Automatic Rifles
M1 Anti-tank Gun Team
Engineer Squad
Selects M31 Recovery Vehicle
Selects War Machine
Selects Strength in Steel
Selects Seek and Destroy
Construct Tank Depot
Selects UNKNOWN (2160077)
Mortar Pit
M4A3E8 Sherman Easy Eight
M1 Anti-tank Gun Team
MasterStef
Treadz
0
0

Comments sign in to comment!

No comments posted yet!